 Dungeon Sprint DCSS version 0.30-a0-585-g93115170b9 (webtiles) character file.

Game seed: 4626773612871811419

51 mhtbhm the Covered (level 3, -3/58 HPs)
             Began as an Armataur Fighter on Jan 2, 2023.
             Drowned by a water elemental (6 damage)
             ... in the Dungeon (Sprint III: "The Ten Rune Challenge").
             The game lasted 00:00:35 (411 turns).

mhtbhm the Covered (Armataur Fighter)                Turns: 411, Time: 00:00:35

Health: -3/58      AC:  7    Str: 22    XL:     3   Next: 58%
Magic:  3/3        EV:  7    Int:  7    God:
Gold:   23         SH:  5    Dex: 13    Spells: 2/2 levels left

rFire   . . .      SeeInvis .    a - +0 flail
rCold   . . .      Faith    .    c - +0 buckler
rNeg    . . .      Spirit   .    b - +0 scale mail
rPois   .          Reflect  .    (helmet restricted)
rElec   .          Harm     .    (no cloak)
rCorr   .          Roll     +    (no gloves)
Will    .....      NoTele   +    (no barding) Stlth
                                 (no amulet)
HPRegen 0.29/turn                (no ring)
MPRegen 0.08/turn                (no ring)

@: berserking, engulfed (cannot breathe), very quick
A: large, rugged brown scales 3, deformed body, armoured tail, roll, long
tongue, awkward tongue, antennae 1, stinger 1, agile 1, high MP 1, robust 1
a: no special abilities


You were in the Dungeon.
You visited 1 branch You collected 23 gold pieces.

Inventory:

Hand Weapons
 a - a +0 flail (weapon)
Armour
 b - a +0 scale mail (worn)
 c - a +0 buckler (worn)
Scrolls
 j - a scroll of blinking
 k - 2 scrolls of poison {unknown}
 n - 4 scrolls of identify
 p - a scroll of torment {unknown}
Potions
 d - a potion of might
 e - a potion of curing
 f - a potion of heal wounds
 g - a potion of haste
 h - 2 potions of magic
 l - a potion of attraction {unknown}
 m - 3 potions of mutation
 o - a potion of degeneration {unknown}
 q - 2 potions of flight


   Skills:
 + Level 4.3 Fighting
 + Level 2.7 Maces & Flails
 + Level 6.1 Armour
 + Level 5.2 Shields


You had 2 spell levels left.
You didn't know any spells.
Your spell library was empty.

Dungeon Overview and Level Annotations

Branches:
Dungeon (1/1)

Altars:


Innate Abilities, Weirdness & Mutations

You are completely covered in rugged brown scales. (AC +3, +7% HP)
Armour fits poorly on your strangely shaped body.
You have a long armoured tail.
You roll when moving toward enemies. (Rampage)
Your long tongue fully drains potion bottles. (2x potion effects)
Your tongue gives you trouble enunciating. (1.5x scroll delay)
You have a pair of small antennae on your head.
Your tail ends in a venomous barb.
You are agile. (Dex +4, Str/Int -1)
You have an increased reservoir of magic. (+10% MP)
You are robust. (+10% HP)


Message History

A venomous barb forms on the end of your tail.
You feel healthier. A pair of antennae grows on your head!
You feel robust.
You feel more energetic.
You feel agile.
Really quaff the potion of mutation?
Okay, then.
You start resting.
HP restored.
You open the door.
A water elemental comes into view.
You aren't carrying any items that you can evoke.
Unknown command.
You slurp down every last drop of the potion of berserk rage!
A red film seems to cover your vision as you go berserk!
You feel yourself moving faster!
You feel mighty!
You barely miss the water elemental. The water elemental hits you!
The water elemental engulfs you in water!
You barely miss the water elemental.
Your lungs strain for air!
You block the water elemental's attack.
You hit the water elemental.
The water elemental is moderately damaged.
Your lungs strain for air!
You barely miss the water elemental.
The water elemental is moderately damaged.
Your lungs strain for air!
The water elemental hits you!
* * * LOW HITPOINT WARNING * * *
You barely miss the water elemental.
The water elemental is moderately damaged.
* * * LOW HITPOINT WARNING * * *
Your lungs strain for air!
You block the water elemental's attack.
You barely miss the water elemental.
The water elemental is moderately damaged.
* * * LOW HITPOINT WARNING * * *
Your lungs strain for air!
The water elemental barely misses you.
You hit the water elemental. You tail-slap the water elemental!
The water elemental is severely damaged.
You die...

▓▓▓▓▓▓▓▓▓▓▓ ▓▓▓
<.#..'....♣ ♣.#
..#..#....♣ ♣♣.#
#'####....♣♣ ♣..#
.....#....~♣♣♣♣..# #+#+#
.....#...~~♣♣....#......
.....#..~~~~.♣♣.@E.⌠....
####'#..~≈≈~~~.♣.#...###
).)..#.~~≈~~†....# ⌠.#
.....#.~≈~~~.....# .#
.....#.~~~.......# #
'#####...........#
.................#
▓▓▓▓▓▓▓▓▓▓▓▓▓▓▓▓▓▓


You could see a water elemental.

Vanquished Creatures
  Jessica (D)
  A human (D)
  A phantom (D)
  2 endoplasms (D)
5 creatures vanquished.

Notes
Turn   | Place    | Note
-------+----------+-------------------------------------------
     0 | D        | mhtbhm the Armataur Fighter began the quest for the Orb.
     0 | D        | Reached XP level 1. HP: 19/19 MP: 1/1
     5 | D        | Reached skill level 4 in Armour
    11 | D        | Noticed Jessica
    18 | D        | Killed Jessica
    19 | D        | Reached skill level 5 in Armour
    19 | D        | Reached XP level 2. HP: 11/28 MP: 2/2
    19 | D        | Reached XP level 3. HP: 14/35 MP: 3/3
   283 | D        | Reached skill level 6 in Armour
   283 | D        | Reached skill level 5 in Shields
   392 | D        | Gained mutation: Your body sometimes deteriorates upon
                  | taking damage. [potion of mutation]
   392 | D        | Gained mutation: Your tail ends in a venomous barb. [potion
                  | of mutation]
   392 | D        | Lost mutation: Your body sometimes deteriorates upon taking
                  | damage. [potion of mutation]
   392 | D        | Gained mutation: You have a pair of small antennae on your
                  | head. [potion of mutation]
   392 | D        | Gained mutation: You are robust. (+10% HP) [potion of
                  | mutation]
   392 | D        | Gained mutation: You have an increased reservoir of magic.
                  | (+10% MP) [potion of mutation]
   392 | D        | Gained mutation: You are agile. (Dex +4, Str/Int -1)
                  | [potion of mutation]
   403 | D        | Noticed a water elemental
   410 | D        | HP: 2/58 [drowned by a water elemental (6)]
   411 | D        | Drowned by a water elemental

Illustrated notes

Levels and vault maps discovered:
D:        dungeon_sprint_mu [sprint_mu_entry_forest, sprint_mu_temple_rooms,
          sprint_mu_d1_spiders, sprint_mu_d2_genie, sprint_mu_d3_branching,
          sprint_mu_orc_legion, sprint_mu_elf_gauntlet, sprint_mu_hive_nellie,
          sprint_mu_lair_fedhas, sprint_mu_vaults_butterflies,
          sprint_mu_slime_circle, sprint_mu_swamp_cave, sprint_mu_shoals_archi,
          sprint_mu_blade_basic, sprint_mu_crypt_lich, sprint_mu_tomb_spiral,
          sprint_mu_vestibule_basic, sprint_mu_gehenna_hellfire,
          sprint_mu_dis_giant, sprint_mu_tartarus_statrot,
          sprint_mu_cocytus_islands, sprint_mu_zot1]

Skill      XL: |  1  2  3 |
---------------+----------+-----
Fighting       | 4 |  4.3
Armour         | 5 6 |  6.1
Maces & Flails | 2 |  2.7
Shields        | 4 5 |  5.2

Action                   || total
-------------------------++-------
Melee: Flail             ||    57
       Tailslap          ||     5
  Use: Potion            ||     2
Armor: Scale mail        ||    13
Dodge: Dodged            ||     9
Block: Buckler           ||    13

Table legend: (Time is in decaauts)
 A = Elapsed time spent in this place.
 B = Non-inter-level travel time spent in this place.
 C = Inter-level travel time spent in this place.
 D = Time resting spent in this place.
 E = Time spent auto-exploring this place.
 F = Levels seen in this place.
 G = Mean time per level.
                   A        B        C        D        E       F      G
               +--------+--------+--------+--------+--------+-----+--------+
         Total |    430 |    430 |      0 |    284 |     42 |   1 |  430.0 |
       Dungeon |    430 |    430 |      0 |    284 |     42 |   1 |  430.0 |
               +--------+--------+--------+--------+--------+-----+--------+

Top non-repeatable levels by time:
       D: 430 daAuts
